[Event "7th Sharjah Masters 2024"]
[Site "Sharjah"]
[Date "2024.05.22"]
[Round "9.1"]
[White "Shankland, Sam"]
[Black "Murzin, Volodar"]
[Result "1/2-1/2"]
[ECO "A07"]
[WhiteElo "2671"]
[BlackElo "2634"]
[Annotator "TA"]
[PlyCount "49"]
[EventDate "2024.05.13"]
[EventType "swiss"]
[EventCountry "UAE"]
[SourceTitle "playchess.com"]
[Source "ChessBase"]
[SourceQuality "1"]
[TimeControl "5400+30"]

1. Nf3 d5 2. g3 g6 3. Bg2 Bg7 4. O-O e5 5. d3 Nc6 6. e4 Nge7 7. c3 dxe4 8. dxe4 Qxd1 9. Rxd1 Be6 10. Na3 f6 {[%emt 0:01:48] Repels Ng5} 11. Be3 Kf7 12. Bf1 a6 13. Nc4 Rhd8 14. Rdc1 Ng8 15. b4 Bh6 16. a4 a5 17. b5 {[%emt 0:00:00] [#] Strongly threatening Bxh6.} Nb8 18. b6 c6 19. Bxh6 Nxh6 20. Nfd2 Ke7 21. Nb3 Bxc4 22. Bxc4 {[%emt 0:00:00] The position is equal.} Nd7 23. Rcb1 $1 Nxb6 24. Nxa5 Rxa5 25. Rxb6 {[%emt 0:00:00] Weighted Error Value: White=0.03 (flawless) /Black=0.03 (flawless) .  OK:         	White=6     	Black=8      Best:        	White=3     	Black=1      Strong:       	White=1     	---} 1/2-1/2

[Event "7th Sharjah Masters 2024"]
[Site "Sharjah"]
[Date "2024.05.22"]
[Round "9.2"]
[White "Erigaisi Arjun"]
[Black "Daneshvar, Bardiya"]
[Result "1/2-1/2"]
[ECO "C65"]
[WhiteElo "2762"]
[BlackElo "2582"]
[Annotator "TA"]
[PlyCount "95"]
[EventDate "2024.05.13"]
[EventType "swiss"]
[EventCountry "UAE"]
[SourceTitle "playchess.com"]
[Source "ChessBase"]
[SourceQuality "1"]
[TimeControl "5400+30"]

1. e4 e5 2. Nf3 Nc6 3. Bb5 Nf6 4. d3 Bc5 5. c3 O-O 6. O-O {[%emt 0:00:07] C65: Ruy Lopez: Berlin Defence (3...Nf6), unusual lines and 4 0-0 Bc5.} Re8 7. Bg5 a6 8. Bxc6 dxc6 9. h3 Bf8 10. Re1 Qd6 $146 ({Predecessor:} 10... c5 11. d4 exd4 12. e5 h6 13. Bh4 dxc3 14. Nxc3 {1-0 Kim,V (2315)-Taffijn,M (2160) W-ch WS/M/893 email 2023}) 11. d4 Nd7 12. Bh4 Qg6 13. Bg3 exd4 14. Nh4 Qg5 15. cxd4 ({Reject} 15. Qxd4 Bc5 16. Nf3 Qg6 $17) 15... Bd6 16. Bxd6 cxd6 17. Nf5 d5 18. Nc3 Nf6 19. Ng3 (19. Nd6 {is more complex.} Bxh3 20. Qf3 Bg4 21. Qg3) 19... dxe4 20. Ncxe4 Nxe4 21. Nxe4 Qd8 $1 22. Qh5 h6 23. Re3 Be6 24. Rg3 Kh8 25. Qe5 f6 26. Qc5 b6 27. Qc3 (27. Qxc6 $2 {perishes.} Bd5 (27... Qxd4 28. Nc3 $11) 28. Qc2 Bxe4 $19) 27... Qd5 (27... Bd5 $5 28. Nd2 $8 b5 $15) 28. Re3 {[%emt 0:01:58] [#]} (28. Qd3 $11 {remains equal.} Bf7 29. Nc3) 28... Bxh3 $1 $17 29. Rae1 Bd7 (29... Bxg2 $17 30. Nxf6 (30. Kxg2 $2 f5 $17) 30... Rxe3 31. Nxd5 Rxc3 32. Nxc3 Bf3) 30. Qb4 $15 Rab8 31. Nc3 (31. Nxf6 $5 gxf6 32. Rxe8+ Rxe8 33. Rxe8+ Bxe8 34. Qf8+ Kh7 (34... Qg8 35. Qxh6+ Qh7 36. Qf8+ Qg8 37. Qh6+ Qh7 38. Qf8+ Qg8 39. Qh6+ $11) 35. Qxe8 $11) 31... Qf7 32. Rxe8+ Bxe8 33. Qd6 Rc8 34. Na4 c5 35. Nxb6 Rc6 36. Qb8 $1 Re6 37. Rxe6 Qxe6 38. dxc5 Kh7 39. Kh2 (39. Qf4 $14) 39... Qe4 $11 40. Qg3 Qf5 41. Nc4 Qh5+ 42. Qh3 Qxc5 43. Qd3+ Bg6 44. Qe2 Qd4 45. b3 Qf4+ 46. g3 Qd4 47. Ne3 a5 48. Ng2 1/2-1/2

[Event "7th Sharjah Masters 2024"]
[Site "Sharjah"]
[Date "2024.05.22"]
[Round "9.4"]
[White "Suleymanli, Aydin"]
[Black "Sarana, Alexey"]
[Result "1/2-1/2"]
[ECO "B90"]
[WhiteElo "2621"]
[BlackElo "2706"]
[Annotator "TA"]
[PlyCount "40"]
[EventDate "2024.05.13"]
[EventType "swiss"]
[EventCountry "UAE"]
[SourceTitle "playchess.com"]
[Source "ChessBase"]
[SourceQuality "1"]
[TimeControl "5400+30"]

1. e4 c5 2. Nf3 d6 3. d4 cxd4 4. Nxd4 Nf6 5. Nc3 a6 6. Bd3 g6 7. O-O Bg7 {[%emt 0:00:53] The position is equal.} 8. Re1 O-O 9. a4 b6 10. Bf1 Bb7 11. Bg5 h6 12. Be3 Nbd7 13. f3 Qc7 14. Qd2 Kh7 15. Rad1 Rfd8 16. Qf2 e6 17. Nb3 Bc6 18. Nd4 Bb7 19. Nb3 Bc6 20. Nd4 Bb7 {[%emt 0:02:39] Not much happened in this game.   Weighted Error Value: White=0.05 (flawless) /Black=0.03 (flawless) .  OK:         	White=5     	Black=6      Best:        	---       	Black=2} 1/2-1/2

[Event "7th Sharjah Masters 2024"]
[Site "Sharjah"]
[Date "2024.05.22"]
[Round "9.5"]
[White "Salem, A.R. Saleh"]
[Black "Vokhidov, Shamsiddin"]
[Result "0-1"]
[ECO "E54"]
[WhiteElo "2629"]
[BlackElo "2592"]
[Annotator "TA"]
[PlyCount "76"]
[EventDate "2024.05.13"]
[EventType "swiss"]
[EventCountry "UAE"]
[SourceTitle "playchess.com"]
[Source "ChessBase"]
[SourceQuality "1"]
[TimeControl "5400+30"]

1. d4 Nf6 2. c4 e6 3. Nc3 Bb4 4. e3 O-O 5. Bd3 d5 6. Nf3 dxc4 7. Bxc4 c5 8. O-O cxd4 9. exd4 b6 10. Bg5 Bb7 11. Re1 Nbd7 12. Bb3 Rc8 13. Re3 Qc7 {[%emt 0:00:30] White must now prevent ...Ng4. The position is equal.} 14. Nb5 Qb8 15. Ne5 {[%emt 0:00:30] Repels Ng4} Nxe5 16. Rxe5 Nd5 {[%emt 0:00:30] ...f6 is the strong threat.} 17. Qg4 {[%emt 0:00:30] Strongly threatening Bxd5.} Kh8 18. a3 Bd6 19. Bxd5 Bxe5 (19... Bxd5 $11 20. Bf4 (20. Nxd6 Qxd6 21. Bd2 Rfd8 $15) 20... Rfd8) 20. dxe5 (20. Bxb7 $14 Bxh2+ 21. Kh1 Qxb7 22. Kxh2) 20... Bxd5 $15 (20... exd5 21. Nd6 Rc7 22. Rd1 $11) 21. Nd6 {[%emt 0:00:30][%cal Og5f6] White wants to mate with Bf6!} Rc7 $1 22. Rd1 ({White should try} 22. Qh4) 22... f6 $17 23. Bf4 Qd8 24. h4 Rd7 (24... Qd7 $142 {Hoping for ...Qa4.} 25. Rd2 f5) 25. Rd3 Be4 26. Rg3 {[%emt 0:00:30] [#]} (26. Rc3 $17 f5 27. Qh3) 26... Bf5 $1 $19 27. Qf3 (27. Qe2 fxe5) 27... fxe5 28. Bxe5 Bg6 $1 (28... Rxd6 29. Bxg7+ Kg8 30. Bf6+ Bg6 31. Bxd8 Rxf3 32. gxf3 Rxd8 33. h5 $15) 29. Qc6 {[%emt 0:00:30] [#]} Rc7 $1 30. Qa4 {[%emt 0:00:30][%cal Oh4h5] [#]} Rc5 $1 ({Inferior is} 30... Rc1+ 31. Kh2 Re1 (31... Rxf2 32. Qd4 $14) 32. Qd4 Rxe5 33. Qxe5 Qxh4+ (33... Rxf2 $2 34. h5 $18) 34. Kg1 $15) 31. Nb7 Rc1+ 32. Kh2 Qd5 33. Qb4 Rcc8 ({Don't play} 33... Rxf2 34. Qd6 Kg8 (34... Qxb7 35. Qd8+) 35. b3 $19) 34. Rg5 (34. Qd4 $142 Qxd4 (34... Qxb7 $2 35. h5 $19) 35. Bxd4) 34... Qxb7 35. h5 Rf5 36. Qh4 Rxg5 37. Qxg5 Qf7 38. h6 $2 (38. hxg6 Qxg6 39. Qxg6 hxg6 40. Kg3) 38... Kg8 {[%emt 0:00:30] Weighted Error Value: White=0.43/Black=0.16 (very precise) .  Mistake:       	White=5     	Black=2      Inaccurate:     	White=2     	Black=2      OK:         	White=10    	Black=11     Best:        	White=2     	Black=1      Strong:       	---       	Black=3      Brilliant:      	---       	Black=1} 0-1

[Event "7th Sharjah Masters 2024"]
[Site "Sharjah"]
[Date "2024.05.22"]
[Round "9.6"]
[White "Yu, Yangyi"]
[Black "Gurel, Ediz"]
[Result "1-0"]
[ECO "C42"]
[WhiteElo "2729"]
[BlackElo "2578"]
[Annotator "TA"]
[PlyCount "123"]
[EventDate "2024.05.13"]
[EventType "swiss"]
[EventCountry "UAE"]
[SourceTitle "playchess.com"]
[Source "ChessBase"]
[SourceQuality "1"]
[TimeControl "5400+30"]

1. e4 e5 2. Nf3 Nf6 3. Nxe5 d6 4. Nf3 Nxe4 5. d4 d5 6. Bd3 Bd6 7. O-O O-O 8. c4 c6 9. Re1 Bf5 10. Qc2 {[%emt 0:00:30] C42: Petroff Defence: 3 Nxe5 and unusual White 3rd moves.} Na6 {[%emt 0:00:30] 10...Na6 is better than 10...Bg6.} 11. a3 Bg6 12. c5 Bb8 13. Nc3 f5 14. Ne2 Nc7 15. Nf4 Be8 16. Ne5 g5 17. Ne2 Ne6 18. f3 Qf6 19. fxe4 fxe4 20. Ng4 $5 {[%emt 0:00:30][%mdl 4] Exploring less charted territory.} Qg6 21. Bxe4 Qxe4 22. Qxe4 dxe4 23. Be3 Bh5 24. Nf2 Bf4 25. Ng3 Bxg3 26. hxg3 Bg6 27. a4 $146 ({Predecessor:} 27. Ng4 Rad8 {½-½ Kuhne,D (2469)-Bobykin,K (2479) WC-2018-T-00001}) 27... Rad8 28. Red1 Rd5 29. a5 a6 30. Ra4 Rfd8 31. Rc4 (31. Rb4 $5) 31... Kg7 32. Rd2 h6 33. Nd1 Nc7 34. Rb4 Nb5 {[%emt 0:00:30] [#]} (34... R5d7 $11 {keeps the balance.}) 35. Nc3 $1 $16 R5d7 {[%emt 0:00:30] [#]} 36. d5 $1 cxd5 (36... Nxc3 37. bxc3 Rxd5 (37... cxd5 $2 38. Rdb2 $18) 38. Bd4+ Kh7 39. Rxb7+ R8d7 40. Rb8) 37. Nxb5 axb5 38. Rdd4 (38. Bd4+ $16 Kg8 39. Rxb5) 38... Kf6 ({Black should try} 38... Ra8 $14) 39. Rxb5 Ke5 40. Rdb4 Kf5 41. Bd4 (41. Rxb7 Rxb7 42. Rxb7 d4 43. Bxd4 Rxd4 $19) 41... Ra8 42. Kf2 Kg4 (42... Be8 $1 $14) 43. Rxb7 $16 Rxb7 44. Rxb7 Rxa5 45. Rd7 Ra4 46. Rxd5 Rc4 47. Ke3 Kxg3 (47... h5 $16 48. Bc3 Bf5) 48. Rd6 $18 Be8 49. Rxh6 ({Weaker is} 49. Kxe4 h5 $16) 49... g4 50. Re6 (50. Kxe4 Kxg2 51. Re6 Ba4 $18) 50... Bd7 51. Re7 ({Less strong is} 51. Rxe4 Kxg2 52. Re7 Bf5 $16) 51... Bf5 52. Rf7 Be6 53. Rf6 Bd7 $2 (53... Bd5 {is a better defense.} 54. Rg6 Ba8) 54. Kxe4 $18 Kxg2 55. Kd5 Rc1 56. c6 Be8 57. b4 Rb1 58. Kc5 Rc1+ 59. Kb6 g3 60. Bc5 Kh3 61. Rf8 g2 62. Rxe8 1-0

[Event "7th Sharjah Masters 2024"]
[Site "Sharjah"]
[Date "2024.05.22"]
[Round "9.8"]
[White "Mendonca, Leon Luke"]
[Black "Zemlyanskii, Ivan"]
[Result "0-1"]
[ECO "B72"]
[WhiteElo "2640"]
[BlackElo "2516"]
[Annotator "TA"]
[PlyCount "92"]
[EventDate "2024.05.13"]
[EventType "swiss"]
[EventCountry "UAE"]
[SourceTitle "playchess.com"]
[Source "ChessBase"]
[SourceQuality "1"]
[TimeControl "5400+30"]

1. e4 c5 2. Nf3 d6 3. d4 cxd4 4. Nxd4 Nf6 5. Nc3 a6 6. Bd3 g6 7. f3 Bg7 8. Be3 Nbd7 $1 {[%emt 0:00:30][%mdl 4] outshines the older 8...Nc6. B72: Sicilian Dragon: 6 Be3, lines with h3+Bc4 and sidelines.} 9. Qd2 b5 10. O-O-O Bb7 11. Kb1 O-O $146 ({Predecessor:} 11... h5 12. Rhe1 Rb8 13. Nb3 Qc7 14. Ba7 Rc8 15. Bd4 e5 16. Be3 O-O 17. a3 d5 18. Nxd5 Bxd5 19. exd5 Nxd5 {½-½ Kireev,S (2345)-B Oliveira,M (2321) FICGS W-ch st1 gM 01 email 2022 (1)}) 12. h4 h5 13. Bh6 e5 14. Nb3 Rc8 15. g4 b4 16. Ne2 hxg4 17. Ng3 gxf3 18. Bxg7 $1 Kxg7 {[%emt 0:00:30] [#]} 19. Qg5 (19. h5 $1 $16) 19... Nh7 $11 20. Qg4 Ndf6 21. Qxf3 d5 22. h5 dxe4 23. Nxe4 Qe7 (23... gxh5 $2 24. Qg3+ Ng4 25. Rxh5 $18) (23... Nxh5 $2 24. Rxh5 $18) 24. Rhg1 $2 (24. Qg2 $11 Bxe4 25. Bxe4 Nxe4 26. Qxe4) 24... Nxe4 $19 25. Bxe4 Ng5 26. Rxg5 Bxe4 27. Qxe4 Qxg5 28. hxg6 Rcd8 (28... fxg6 $2 29. Qb7+ Rf7 (29... Kg8 $2 30. Rh1 $18) 30. Qxc8 $18) (28... Qxg6 29. Qxe5+ f6 (29... Kg8 30. Qh2 $15) 30. Qe7+ Rf7 31. Qe2 $11) 29. Rh1 fxg6 ({Not} 29... Qxg6 30. Qe3 (30. Qxb4 $2 {too greedy.} Rh8 $19) (30. Qxe5+ f6 $14) 30... Qd6 31. Qg5+ Qg6 32. Qe3 $14 (32. Qxe5+ f6 $14)) 30. Qxb4 Rde8 31. a3 {[%emt 0:00:30] [#]} (31. Qc5 $17 {was necessary.}) 31... Qg2 $1 $19 32. Qe1 Qd5 33. Rg1 e4 34. Qg3 Re6 (34... Rf6 $19 {Strongly threatening ...e3.} 35. Qe3 Rf3 36. Qa7+ Qf7 37. Qxa6 e3) 35. Qe3 $17 Ref6 36. Rg5 $2 (36. Nc1 $17) 36... Rf5 (36... Rf1+ $142 37. Nc1 R8f3 38. Qa7+ Rf7) 37. Rg2 $19 Rf3 38. Qa7+ R8f7 39. Qxa6 (39. Qb6 {was forced.} R3f6 40. Qe3 Qd1+ 41. Ka2) 39... R3f6 $19 40. Qc8 Qe5 41. Qh3 Rf3 42. Qh4 Qf4 43. Qd8 $2 (43. Rg4 $17 Qf6 44. Qxf6+ R3xf6 45. Rxe4) 43... Rxb3 $19 44. Qd4+ Kh7 45. Ka2 Rf3 46. Rg1 Rh3 0-1

[Event "7th Sharjah Masters 2024"]
[Site "Sharjah"]
[Date "2024.05.22"]
[Round "9.9"]
[White "Mishra, Abhimanyu"]
[Black "Sankalp Gupta"]
[Result "1-0"]
[ECO "C43"]
[WhiteElo "2634"]
[BlackElo "2532"]
[Annotator "RC"]
[PlyCount "123"]
[EventDate "2024.05.13"]
[EventType "swiss"]
[EventCountry "UAE"]
[SourceTitle "playchess.com"]
[Source "ChessBase"]
[SourceQuality "1"]
[TimeControl "5400+30"]

1. e4 e5 2. Nf3 Nf6 3. d4 Nxe4 4. Bd3 d5 5. Nxe5 Nd7 6. O-O Nxe5 7. dxe5 Nc5 8. Be3 Nxd3 9. Qxd3 c6 10. f4 g6 11. Nd2 Bf5 12. Qb3 Qd7 13. Qc3 Bg7 14. b4 O-O 15. a4 f6 16. Nf3 Be4 17. Bd4 fxe5 18. Nxe5 Bxe5 19. Bxe5 h6 20. Rf2 Kh7 21. a5 Rf7 22. Bd4 a6 23. h3 g5 24. fxg5 Rxf2 25. Bxf2 hxg5 26. Bc5 Qg7 27. Bd4 Qg8 28. Rf1 Rf8 29. Rxf8 Qxf8 30. Qg3 Kg6 31. Qe5 Bf5 32. c3 Qf7 33. Qd6+ Be6 34. Qe5 Bf5 35. Qg3 Be6 36. Be3 Qf5 37. Qd6 Qe4 38. Qg3 Qf5 39. Qb8 Qe4 40. Bd4 g4 41. Qg3 Qb1+ 42. Kh2 Qe4 43. h4 Kf5 44. Kh1 Qf4 45. Qd3+ Qe4 46. Qf1+ Qf4 47. Qb1+ Qe4 48. Qd1 Qf4 49. Kg1 Kg6 50. Qe1 Qe4 51. Qf2 Bf5 52. Qd2 Qe7 53. Bf2 Bd7 54. Qf4 Qf6 55. h5+ Kf7 56. Qc7 Ke8 57. Qb8+ Qd8 58. Qxb7 Qg5 59. Qxa6 Qxh5 60. Qe2+ Kd8 61. Bb6+ Kc8 62. Qa6+ 1-0

[Event "7th Sharjah Masters 2024"]
[Site "Sharjah"]
[Date "2024.05.22"]
[Round "9.10"]
[White "Petrosyan, Manuel"]
[Black "Artemiev, Vladislav"]
[Result "1/2-1/2"]
[ECO "C84"]
[WhiteElo "2618"]
[BlackElo "2705"]
[Annotator "TA"]
[PlyCount "58"]
[EventDate "2024.05.13"]
[EventType "swiss"]
[EventCountry "UAE"]
[SourceTitle "playchess.com"]
[Source "ChessBase"]
[SourceQuality "1"]
[TimeControl "5400+30"]

1. e4 e5 2. Nf3 Nc6 3. Bb5 a6 4. Ba4 Nf6 5. O-O Be7 6. d3 b5 7. Bb3 O-O 8. a4 b4 9. a5 d6 10. Nbd2 Be6 11. Bxe6 fxe6 12. Re1 Rb8 13. c3 Rb5 14. d4 bxc3 15. bxc3 exd4 16. cxd4 Qd7 17. Nc4 Rb4 18. Qc2 Ng4 19. Qe2 d5 20. Ncd2 Rb5 21. exd5 ({White should play} 21. Ba3 $14) 21... exd5 $11 {[%emt 0:00:12] The position is equal.} 22. Ba3 Bxa3 23. Rxa3 Qd6 {[%emt 0:00:05] [#] And now ...Nxd4 would win.} 24. Qe6+ Qxe6 25. Rxe6 Rf6 26. Re8+ Rf8 27. Re6 Rf6 28. Re8+ Rf8 29. Re6 Rf6 {[%emt 0:00:07] Weighted Error Value: White=0.08 (flawless) /Black=0.07 (flawless) .  Mistake:       	White=1     	---        Inaccurate:     	---       	Black=1      OK:         	White=9     	Black=6      Best:        	---       	Black=3} 1/2-1/2

[Event "7th Sharjah Masters 2024"]
[Site "Sharjah"]
[Date "2024.05.22"]
[Round "9.11"]
[White "Maurizzi, Marc`Andria"]
[Black "Sevian, Samuel"]
[Result "1/2-1/2"]
[ECO "E60"]
[WhiteElo "2618"]
[BlackElo "2699"]
[Annotator "TA"]
[PlyCount "78"]
[EventDate "2024.05.13"]
[EventType "swiss"]
[EventCountry "UAE"]
[SourceTitle "playchess.com"]
[Source "ChessBase"]
[SourceQuality "1"]
[TimeControl "5400+30"]

1. d4 Nf6 2. c4 g6 3. g3 c5 4. dxc5 Qa5+ 5. Nc3 Qxc5 6. e4 d6 7. Be3 Qa5 8. Bg2 {[%emt 0:00:00] White is slightly better.} Nc6 9. Nge2 Bg7 10. O-O O-O 11. b3 Bd7 12. Rc1 Ng4 13. Bd2 Qh5 {[%emt 0:00:40][%csl Gg4][%cal Rh5h2] [#]} 14. h3 {[%emt 0:00:00] aiming for Nf4.} Nge5 15. Nf4 Qxd1 16. Rfxd1 g5 17. Nh5 g4 18. Nxg7 Kxg7 19. h4 f6 20. Be3 b6 21. Nd5 Kf7 22. Bf1 Nf3+ 23. Kg2 Nce5 24. Be2 f5 25. exf5 Bxf5 26. Nc7 Rad8 27. Nb5 Be4 {[%emt 0:00:12] ...Nd4+ is the strong threat.} 28. Kf1 Nh2+ {[%emt 0:00:41] Excellent horsemanship.} 29. Ke1 Nhf3+ 30. Kf1 Nh2+ 31. Ke1 Nef3+ 32. Bxf3 Nxf3+ 33. Ke2 Ne5 {[%emt 0:00:02] And now ...Bf3+ would win.} 34. Kd2 Bf3 {[%emt 0:01:08] [#] Threatens to win with ...d5.} 35. Re1 {[%emt 0:00:59] The position is equal.} Nc6 36. Nd4 Nxd4 37. Bxd4 e5 38. Be3 Ke6 39. Kc3 Rc8 {[%emt 0:03:13] Weighted Error Value: White=0.05 (flawless) /Black=0.05 (flawless) .  Inaccurate:     	White=3     	Black=2      OK:         	White=12    	Black=17     Best:        	White=2     	Black=2} 1/2-1/2

[Event "7th Sharjah Masters 2024"]
[Site "Sharjah"]
[Date "2024.05.22"]
[Round "9.12"]
[White "Blohberger, Felix"]
[Black "Deac, Bogdan-Daniel"]
[Result "1/2-1/2"]
[ECO "E12"]
[WhiteElo "2506"]
[BlackElo "2693"]
[Annotator "TA"]
[PlyCount "118"]
[EventDate "2024.05.13"]
[EventType "swiss"]
[EventCountry "UAE"]
[SourceTitle "playchess.com"]
[Source "ChessBase"]
[SourceQuality "1"]
[TimeControl "5400+30"]

1. d4 Nf6 2. c4 e6 3. Nf3 b6 4. a3 Bb7 5. Nc3 Ne4 6. Nxe4 Bxe4 7. Bf4 d6 {[%emt 0:00:30] E12: Queen's Indian: Unusual White 4th moves, 4 a3, 4 Nc3 Bb7 5 a3 and 4 Nc3 Bb7 .} 8. e3 Nd7 9. Bd3 Bxd3 10. Qxd3 Be7 11. Rd1 {[%emt 0:00:30] 11.e4 gains popularity.} a5 12. e4 a4 13. O-O Nf8 $146 ({Predecessor:} 13... O-O 14. Rfe1 Re8 15. e5 Nf8 16. d5 exd5 17. Qxd5 dxe5 18. Qxe5 Qc8 19. Qxc7 Ne6 20. Qxc8 Raxc8 21. Bd6 Bf6 22. Be5 {½-½ Gukesh,D (2599)-Romanov,E (2594) Norway Chess op 2021 (10)}) 14. c5 Ng6 15. cxd6 cxd6 16. Be3 d5 17. e5 O-O 18. g3 f6 19. exf6 Rxf6 20. Qe2 h6 21. Rc1 Bd6 22. Ne1 Ne7 23. Ng2 Nf5 24. Rc6 Ne7 25. Rc2 Nf5 26. Rc6 Ne7 27. Rc2 Qd7 28. Bf4 Nf5 29. Be5 Bxe5 30. Qxe5 Nd6 31. Ne3 Rff8 32. Rfc1 Nf7 33. Qc7 Qxc7 34. Rxc7 Ng5 35. Kg2 b5 (35... Nf3 $2 36. Rd7 Ng5 (36... Nxd4 $2 37. Rcc7 $18) 37. f4 $18) 36. R1c6 Rf7 37. Rxf7 Kxf7 38. Rb6 Rc8 (38... Ne4 $16 39. Rxb5 h5 40. Rb7+ Kg8) 39. Rxb5 $18 Rc1 40. Rb4 Rb1 41. f3 (41. Rxa4 Rxb2 42. h4 Ne4 $14) (41. h4 $18 Ne4 42. Kf3 (42. Rxa4 Rxb2 43. Ng4 Kg6 $14)) 41... e5 (41... Ke7 $16 {might work better.}) 42. dxe5 $18 d4 43. Nf1 (43. Rxd4 Rxb2+ 44. Kf1 Rb3 $14) 43... d3 (43... Nxf3 $142 44. Kxf3 (44. Rxa4 Nxe5 45. Rxd4 Rxb2+ 46. Rd2 Rb3 $11) 44... Rxf1+ 45. Ke4 Rf2) 44. f4 $1 $18 (44. Rxa4 $2 Rxb2+ 45. Kh1 Rf2 (45... Nxf3 46. Rf4+ Ke6 47. Rxf3 $14) 46. Ra7+ Ke6 47. Ra6+ Kxe5 48. f4+ Ke4 $19) 44... Ne6 45. Kf2 (45. Rxa4 d2 46. Ra7+ (46. Nxd2 Rxb2 47. Ra7+ Ke8 $11) 46... Ke8 47. Nxd2 Rxb2 $17) 45... Rd1 46. Rb7+ ({But not} 46. Rxa4 d2 47. Ne3 (47. Ra7+ Ke8 $16) 47... Re1 $18) 46... Ke8 47. Rb5 h5 48. f5 $2 (48. Rd5 $18) 48... Nd4 $14 49. Rd5 ({Better is} 49. Rb4 $1 $14 Nxf5 50. Ne3 (50. Rxa4 $2 d2 $19) 50... Rd2+ 51. Kf3 Nxe3 52. Kxe3 Rxh2 53. Kxd3 (53. Rxa4 Rxb2 54. Rd4 Re2+ 55. Kf4 d2 $11)) 49... Nxf5 $11 50. Ne3 $1 Rd2+ 51. Kf3 Nxe3 (51... Ne7 {is interesting.} 52. Nc4 Rc2 53. Nd6+ Kd7) 52. Kxe3 Rxh2 53. Rxd3 Rxb2 54. Kf4 Rb3 55. Rd6 Rxa3 56. Ra6 Ra1 57. Kg5 h4 58. Kxh4 Re1 59. Rxa4 Rxe5 1/2-1/2

[Event "7th Sharjah Masters 2024"]
[Site "Sharjah"]
[Date "2024.05.22"]
[Round "9.13"]
[White "Niemann, Hans Moke"]
[Black "Idani, Pouya"]
[Result "1-0"]
[ECO "A21"]
[WhiteElo "2689"]
[BlackElo "2605"]
[Annotator "TA"]
[PlyCount "77"]
[EventDate "2024.05.13"]
[EventType "swiss"]
[EventCountry "UAE"]
[SourceTitle "playchess.com"]
[Source "ChessBase"]
[SourceQuality "1"]
[TimeControl "5400+30"]

1. c4 e5 2. g3 d6 3. Nc3 Be7 4. d4 f5 5. Bh3 a5 6. dxe5 dxe5 7. Qxd8+ Bxd8 8. e4 {[%emt 0:07:15] White has an edge.} Nc6 9. Bxf5 Bxf5 10. exf5 Nd4 {[%emt 0:00:04] Threatens to win with ...Nc2+.} 11. Kf1 Nxf5 12. Nf3 Bf6 13. Ne4 O-O-O 14. Bd2 Nd4 15. Kg2 b6 16. Bc3 Nxf3 17. Kxf3 Ne7 18. Rad1 Rd7 19. h4 Nc6 20. Rd5 Rhd8 21. Rhd1 {[%emt 0:03:58] White is much more active.} Nd4+ 22. Bxd4 Rxd5 $1 23. cxd5 Rxd5 24. Nxf6 $1 gxf6 $16 {[%emt 0:00:04][%mdl 4096] Endgame. KRB-KR} 25. Ke4 c6 {[%emt 0:00:39] [#]} 26. g4 $1 exd4 27. Rxd4 {[%emt 0:01:50] KR-KR} Re5+ 28. Kd3 Kc7 {[%emt 0:04:53] Prevents Rd6} 29. Rf4 Re6 30. Re4 Kd6 {[%emt 0:10:08] [#] This costs Black the game.} (30... Rd6+ $16 {was called for.} 31. Ke3 Kd7) 31. f4 $1 $18 {[%emt 0:01:58][%cal Bf2f4,Bf4f5][%mdl 32] Hoping for b3.} b5 $2 (31... a4 32. Rd4+ (32. Rxa4 Re1 $18) 32... Kc5 33. Rxa4 Re1) 32. Rxe6+ Kxe6 {[%emt 0:00:05] KP-KP} 33. Kd4 Kd6 34. g5 c5+ 35. Ke4 a4 36. f5 b4 37. b3 {[%emt 0:04:08] White mates.} ({Worse is} 37. gxf6 c4 38. Ke3 (38. Kd4 $2 c3 $19) 38... c3 39. bxc3 b3 40. axb3 a3 $11) 37... a3 38. Kd3 Kd5 39. gxf6 {[%emt 0:00:19] Weighted Error Value: White=0.04 (flawless) /Black=0.31.  Loses game:     	---       	Black=1      Mistake:       	---       	Black=1      Inaccurate:     	---       	Black=1      OK:         	White=6     	Black=9      Best:        	White=2     	Black=2      Strong:       	White=3     	Black=1} 1-0

[Event "7th Sharjah Masters 2024"]
[Site "Sharjah"]
[Date "2024.05.22"]
[Round "9.14"]
[White "Sindarov, Javokhir"]
[Black "Siddharth, Jagadeesh"]
[Result "1-0"]
[ECO "A16"]
[WhiteElo "2684"]
[BlackElo "2512"]
[Annotator "TA"]
[PlyCount "45"]
[EventDate "2024.05.13"]
[EventType "swiss"]
[EventCountry "UAE"]
[SourceTitle "playchess.com"]
[Source "ChessBase"]
[SourceQuality "1"]
[TimeControl "5400+30"]

1. c4 Nf6 2. Nc3 g6 3. e4 e5 4. Nf3 Bg7 5. Nxe5 O-O 6. Nf3 Re8 7. Bd3 Nxe4 8. Bxe4 {[%emt 0:00:03] d4 would now be deadly. The position is equal.} Bxc3 9. dxc3 {[%emt 0:00:17] aiming for Ng5.} Rxe4+ 10. Be3 Nc6 11. Qd5 {[%emt 0:07:23] Against d6} Qe8 12. O-O $36 {[%emt 0:01:25][%mdl 2048] White has some pressure.} d6 13. h3 b6 14. Rfe1 Bb7 15. b3 Rb8 16. Qd2 f6 {[%emt 0:07:19] [#]} (16... Qd7 $11) 17. Bxb6 $1 $16 Rxe1+ 18. Rxe1 Qf7 19. Bd4 {[%emt 0:00:11] White is much more active.} a5 20. c5 Ne5 {[%emt 0:06:12] [#]} (20... Rd8 {is a better defense.}) 21. Nh2 $1 $18 Qd5 $2 (21... Qf8 22. c4 a4) 22. f4 Nd7 23. c4 {[%emt 0:05:26] Weighted Error Value: White=0.04 (flawless) /Black=0.23 (precise) .  Mistake:       	---       	Black=3      Inaccurate:     	White=1     	Black=1      OK:         	White=7     	Black=7      Best:        	White=1     	Black=3      Brilliant:      	White=1     	---} 1-0

[Event "7th Sharjah Masters 2024"]
[Site "Sharjah"]
[Date "2024.05.22"]
[Round "9.15"]
[White "Pranav, V."]
[Black "Nihal Sarin"]
[Result "1/2-1/2"]
[ECO "B90"]
[WhiteElo "2587"]
[BlackElo "2680"]
[Annotator "RC"]
[PlyCount "72"]
[EventDate "2024.05.13"]
[EventType "swiss"]
[EventCountry "UAE"]
[SourceTitle "playchess.com"]
[Source "ChessBase"]
[SourceQuality "1"]
[TimeControl "5400+30"]

1. e4 c5 2. Nf3 d6 3. d4 cxd4 4. Nxd4 Nf6 5. Nc3 a6 6. Be3 e5 7. Nb3 Be7 8. Qd2 Ng4 9. g3 Nd7 10. Bh3 Nxe3 11. Qxe3 Bg5 12. f4 exf4 13. gxf4 Bh4+ 14. Ke2 O-O 15. Rad1 Nb6 16. Na5 Qc7 17. Rhg1 Bf6 18. e5 dxe5 19. Ne4 exf4 20. Nxf6+ Kh8 21. Qd4 Qe7+ 22. Kf3 Qxf6 23. Qxf6 gxf6 24. Bxc8 Raxc8 25. Rd6 Na4 26. Rxf6 Nxb2 27. Nxb7 Rxc2 28. Nd6 Rc7 29. Kxf4 Nd3+ 30. Ke4 Nb4 31. a4 Re7+ 32. Kd4 Nc6+ 33. Kd5 Nd8 34. Rgf1 Kg7 35. h4 h6 36. Rxh6 Kxh6 1/2-1/2